 Dungeon Crawl Stone Soup version 0.18.1-48-g4cf74bf (webtiles) character file.

678 Alarkh the Shooter (level 7, -11/50 HPs)
             Began as a Mummy Hunter on Aug 11, 2016.
             Mangled by a mummy (14 damage)
             ... in an ossuary.
             The game lasted 00:07:55 (2831 turns).

Alarkh the Shooter (Mummy Hunter)                   Turns: 2831, Time: 00:07:56

Health: -11/50     AC:  7    Str: 15    XL:     7   Next: 34%
Magic:  0/7        EV: 11    Int: 12    God:
Gold:   129        SH:  0    Dex: 13    Spells: 0 memorised, 6 levels left

rFire  . . .     SeeInvis .     l - +3 dagger (elec)
rCold  . . .     Gourm    .     c - +0 leather armour
rNeg   + + +     Faith    .     (no shield)
rPois  ∞         Spirit   +     i - +0 helmet
rElec  .         Dismiss  .     (no cloak)
rCorr  .         Reflect  .     u - +2 pair of gloves
SustAt .         Harm     .     (no boots)
MR     .....                    f - amulet of guardian spirit
Stlth  +.........               (no ring)
                                r - ring of fire

@: not resistant to hostile enchantments, very unstealthy
A: no food or potions, fire vulnerability, cold resistance 1, negative energy
resistance 3, torment resistance, unbreathing
a: no special abilities


You were in an ossuary.
You were not hungry.

You visited 1 branch of the dungeon, and saw 6 of its levels.
You also visited: Ossuary.

You collected 129 gold pieces.

Inventory:

Hand Weapons
 a - a +1 shortbow
 b - a +2 short sword of draining
 j - a +0 short sword
 l - a +3 dagger of electrocution (weapon)
 q - a +3 quarterstaff of chaos
Missiles
 d - 5 arrows
Armour
 c - a +0 leather armour (worn)
 i - a +0 helmet (worn)
 p - a cursed +0 cloak
 u - a +2 pair of gloves (worn)
Jewellery
 f - an amulet of guardian spirit (around neck)
 r - a ring of fire (left hand)
Wands
 t - a wand of lightning (5/15)
 v - a wand of digging (21/24)
Scrolls
 e - a scroll of fog
 g - a scroll of identify
 h - a scroll of magic mapping
 n - a scroll of remove curse
 w - a scroll of fear {unknown}


   Skills:
 - Level 2.0 Fighting
 + Level 7.5 Bows
 - Level 1.5 Dodging
 - Level 0.7 Stealth


You had 6 spell levels left.
You didn't know any spells.

Dungeon Overview and Level Annotations

Branches:
Dungeon (8/15)               Lair (0/8) D:8
 Temple: D:4-7

Altars:
Fedhas
Kikubaaqudgha
Qazlal
Ru
Xom
The Shining One


Innate Abilities, Weirdness & Mutations

You do not eat or drink.
Your flesh is vulnerable to fire.
You are immune to poison.
Your flesh is cold resistant.
You are immune to negative energy.
You are immune to unholy pain and torment.
You can survive without breathing.


Message History

The mummy barely misses you. The mummy hits you!!
* * * LOW HITPOINT WARNING * * *
You hit the mummy but do no damage.
The mummy is severely damaged.
The mummy barely misses you.
You barely miss the mummy.
The mummy is severely damaged.
The mummy barely misses you.
You completely miss the mummy.
The mummy is severely damaged.
The mummy hits you but does no damage.
You hit the mummy.
There is a sudden explosion of sparks!
You destroy the mummy!
The mummy hits you.
* * * LOW HITPOINT WARNING * * *
There is an empty arch of ancient stone here.
You hit the mummy.
The mummy is lightly damaged.
The mummy hits you!
You die...

#....#
#((((#
#((((#
#.(.(#
#...(#
#...(#
#...(#
#..M.#
#.∩@.#
######


You could see a mummy.

Vanquished Creatures
  The ghost of Pierrem the Shield-Bearer, an amateur TrFi of Pakellas (D:4)
  3 giant frogs (D:8)
  A crimson imp (D:8)
  An orc priest (D:4)
  Crazy Yiuf (D:3)
  A centaur skeleton (D:8)
  An orc wizard (D:4)
  3 worker ants
  A big kobold zombie (Ossuary)
  3 mummies (Ossuary)
  2 adders
  A river rat (D:8)
  2 worms
  3 dart slugs
  A giant gecko (D:2)
  8 orcs
  2 giant cockroaches
  8 goblins
  10 hobgoblins
  4 jackals
  A quokka (D:2)
  4 ball pythons
  13 bats
  3 giant newts (D:3)
  3 gnoll zombies (Ossuary)
  A hobgoblin zombie (Ossuary)
  4 kobolds
  2 kobold zombies (Ossuary)
  An orc zombie (Ossuary)
  8 rats
97 creatures vanquished.

Vanquished Creatures (others)
  A fungus (D:8)
  A plant (D:8)
2 creatures vanquished.

Grand Total: 99 creatures vanquished

Notes
Turn   | Place    | Note
--------------------------------------------------------------
     0 | D:1      | Alarkh the Mummy Hunter began the quest for the Orb.
     0 | D:1      | Reached XP level 1. HP: 16/16 MP: 1/1
   124 | D:1      | Reached XP level 2. HP: 15/22 MP: 2/2
   535 | D:1      | Reached skill level 4 in Bows
   763 | D:2      | Reached XP level 3. HP: 21/27 MP: 3/3
   934 | D:2      | Found a shimmering altar of Xom.
  1477 | D:3      | Reached XP level 4. HP: 21/33 MP: 2/4
  1631 | D:3      | Found a stormy altar of Qazlal.
  1786 | D:3      | Found a blossoming altar of Fedhas.
  1786 | D:3      | Found an ancient bone altar of Kikubaaqudgha.
  1828 | D:3      | Noticed Crazy Yiuf
  1842 | D:3      | Killed Crazy Yiuf
  1842 | D:3      | Reached skill level 5 in Bows
  2052 | D:4      | Reached XP level 5. HP: 30/38 MP: 3/5
  2160 | D:4      | Noticed Pierrem's ghost (amateur TrFi)
  2165 | D:4      | Found a glowing golden altar of the Shining One.
  2182 | D:4      | Killed Pierrem's ghost
  2182 | D:4      | Reached skill level 6 in Bows
  2182 | D:4      | Reached XP level 6. HP: 26/44 MP: 4/6
  2348 | D:4      | You fall through a shaft for 3 floors!
  2348 | D:7      | Noticed an orc warrior
  2360 | D:8      | Found a sacrificial altar of Ru.
  2463 | D:8      | Reached skill level 7 in Bows
  2475 | D:8      | Reached XP level 7. HP: 17/50 MP: 3/7
  2549 | D:8      | Found a sand-covered staircase.
  2569 | Ossuary  | Entered an ossuary
  2831 | Ossuary  | Mangled by a mummy

Skill      XL: |  1  2  3  4  5  6 |
---------------+-------------------+-----
Bows           | 4 5 6 7 |  7.5
Fighting       | |  2.0
Dodging        | |  1.5
Stealth        | |  0.7

Action                   |  1- 3 |  4- 6 |  7- 9 || total
-------------------------+-------+-------+-------++-------
Melee: Short sword       |    82 |    45 |       ||   127
       Dagger            |       |     7 |    10 ||    17
 Fire: Shortbow          |    29 |   102 |    71 ||   202
  Use: Scroll            |       |     7 |       ||     7
 Stab: Sleeping          |     1 |     2 |       ||     3
Armor: Leather armour    |    33 |    34 |     8 ||    75
Dodge: Dodged            |    62 |    64 |    13 ||   139
